 Dungeon Crawl Stone Soup version 0.32-a0-995-gb4a59205af (webtiles) character file.

Game seed: 15834203475700012321

472 horus123 the Digger (level 7, -7/50 HPs)
             Began as a Formicid Earth Elementalist on Apr 23, 2024.
             Was an Initiate of Vehumet.
             Mangled by Edmund
             ... wielding a +2 flail of protection
              (15 damage)
             ... on level 4 of the Dungeon.
             The game lasted 00:06:22 (3678 turns).

horus123 the Digger (Formicid Earth Elementalist)   Turns: 3678, Time: 00:06:23

Health: -7/50      AC:  3    Str: 13    XL:     7   Next: 31%
Magic:  1/14       EV: 11    Int: 16    God:    Vehumet [......]
Gold:   235        SH:  0    Dex: 14    Spells: 8/16 levels left

rFire   . . .        m - staff of conjuration
rCold   . . .        (no shield)
rNeg    . . .        a - +0 robe
rPois   +            (helmet unavailable)
rElec   .            (no cloak)
rCorr   .            (no gloves)
SInv    +            o - +0 pair of boots
Will    .....        (no amulet)
Stlth   ++           k - ring of poison resistance
HPRegen 0.28/turn    (no ring)
MPRegen 0.14/turn

%: no passive effects
@: no status effects
A: permanent stasis, dig shafts and tunnels, antennae 3, four strong arms
a: Dig, Shaft Self, Renounce Religion


You were on level 4 of the Dungeon.
You worshipped Vehumet.
Vehumet was noncommittal.
You visited 1 branch of the dungeon, and saw 4 of its levels.

You collected 235 gold pieces.

Inventory:

Hand Weapons
 d - a +0 mace
Armour
 a - a +0 robe (worn)
 o - a +0 pair of boots (worn)
Magical Staves
 m - a staff of conjuration (weapon)
Jewellery
 k - a ring of poison resistance (left hand)
Wands
 t - a wand of light (8)
Scrolls
 e - 4 scrolls of identify {unknown}
 f - a scroll of noise {unknown}
 h - a scroll of torment {unknown}
 i - a scroll of revelation {unknown}
 l - a scroll of fog {unknown}
 n - a scroll of amnesia {unknown}
 p - a scroll of acquirement {unknown}
 r - 3 scrolls of enchant weapon {unknown}
 v - a scroll of vulnerability {unknown}
 w - a scroll of immolation {unknown}
Potions
 b - a potion of magic
 c - a potion of heal wounds {unknown}
 g - a potion of berserk rage {unknown}
 j - 2 potions of curing {unknown}
 q - 2 potions of degeneration {unknown}
 s - a potion of haste {unknown}
 u - 2 potions of cancellation {unknown}


   Skills:
 - Level 2.0 Fighting
 - Level 1.7 Dodging
 - Level 2.4 Stealth
 - Level 5.0 Spellcasting
 + Level 1.4 Conjurations
 - Level 7.0 Earth Magic


You had 8 spell levels left.
You knew the following spells:

 Your Spells              Type           Power      Damage    Failure   Level
a - Sandblast             Erth           52%        2d12      1%          1
b - Stone Arrow           Conj/Erth      52%        3d10      9%          3
c - Brom's Barrelling Bo  Conj/Erth      26%        2d5       26%         4

Your spell library contained the following spells:

 Spells                   Type           Power      Damage    Failure   Level
 Passwall                 Erth           26%        N/A       2%          3
 Lesser Beckoning         Tloc           8%         N/A       22%         2
 Petrify                  Alch/Erth      15%        N/A       34%         4
 Teleport Other           Tloc           4%         N/A       41%         3
 Maxwell's Portable Pile  Tloc           Unusable   2d(5-14)  N/A         3

Dungeon Overview and Level Annotations

Branches:
Dungeon (4/15)
 Temple: D:4-7

Altars:
Vehumet
Xom

Annotations:
D:4 3 runed translucent doors, Edmund; PriceMaster's ghost, amateur SpEE


Innate Abilities, Weirdness & Mutations

You cannot be hasted, slowed, berserked, paralysed or teleported.
You can dig through walls and to a lower floor.
You have a pair of large antennae on your head. (SInv)
Your four strong arms can wield two-handed weapons with a shield.


Message History

Press: ? - help, Q - select action, (/) - cycle Shift-Dir - straight line, f/p - Edmund
Aim: Edmund, wielding a +2 flail of protection and wearing a +0 chain mail (lightly wounded, 87% to hit)
The blast of sand hits Edmund but does no damage.
Edmund is lightly wounded.
Edmund hits you with a +2 flail of protection.
Edmund hits you with a +2 flail of protection!
* * * LOW HITPOINT WARNING * * *
Aiming: Sandblast (safe; 1% risk of failure)
Press: ? - help, Q - select action, (/) - cycle Shift-Dir - straight line, f/p - Edmund
Aim: Edmund, wielding a +2 flail of protection and wearing a +0 chain mail (lightly wounded, 87% to hit)
The blast of sand hits Edmund but does no damage.
Edmund is lightly wounded.
Edmund says, "I'm quite good with sums, too."
Edmund barely misses you.
Okay, then.
Press: ? - help, v - describe, . - travel The floor.
Edmund is nearby!
Unknown command.
Press: ? - help, v - describe, . - travel
Here: Edmund, wielding a +2 flail of protection and wearing a +0 chain mail (lightly wounded)
The floor.
Casting: Sandblast (safe; 1% risk of failure)
Confirm with . or Enter, or press ? or * to list all spells.
Aiming: Stone Arrow (dangerous; 9% risk of failure)
Press: ? - help, Shift-Dir - straight line, f - Edmund
Aim: Edmund, wielding a +2 flail of protection and wearing a +0 chain mail (lightly wounded, 79% to hit)
You feel a surge of power!
The stone arrow hits Edmund!
Edmund is moderately wounded.
Edmund closely misses you.
Aiming: Sandblast (safe; 1% risk of failure)
Press: ? - help, Q - select action, (/) - cycle Shift-Dir - straight line, f/p - Edmund
Aim: Edmund, wielding a +2 flail of protection and wearing a +0 chain mail (moderately wounded, 87% to hit)
The blast of sand hits Edmund but does no damage.
Edmund is moderately wounded.
Edmund hits you with a +2 flail of protection!
* * * LOW HITPOINT WARNING * * *
Edmund hits you with a +2 flail of protection!
You die...
Edmund says, "That'll show my brother!"

####.#......
.......#########.###....
.......#...........#....
.......#...........'....
.......#...........#....
.......#...........#....
.......#####..##........
......@#..##..##........
.......@...#...#..###+++
.......#...#...#..#5....
.......#...'...#..#{o...
.......#...#...[..#.#...
.......#..##.##...#..#.#
##.....#########..#.#J..
#..... .....#...%[
#..... .....#.J...
###...######


You could see Edmund.

Vanquished Creatures
  Sigmund (D:2)
  2 hounds
  An orc priest (D:3)
  Natasha (thrice) (D:2)
  An iguana (D:4)
  A statue (D:4)
  Robin (D:2)
  A gnoll (D:2)
  An adder (D:3)
  A ribbon worm (D:3)
  5 orcs
  5 ball pythons
  5 bats
  5 endoplasms
  7 giant cockroaches
  14 goblins
  7 hobgoblins
  4 quokkas
  A frilled lizard (D:2)
  A kobold (D:3)
  8 rats
75 creatures vanquished.

Notes
Turn   | Place    | Note
-------+----------+-------------------------------------------
     0 | D:1      | horus123 the Formicid Earth Elementalist began the quest
                  | for the Orb.
     0 | D:1      | Reached XP level 1. HP: 13/13 MP: 3/3
   170 | D:1      | Reached skill level 1 in Fighting
   173 | D:1      | Reached XP level 2. HP: 21/21 MP: 0/5
   560 | D:1      | Reached XP level 3. HP: 27/27 MP: 5/7
   668 | D:2      | Noticed Sigmund
   694 | D:2      | Killed Sigmund
   695 | D:2      | Reached skill level 5 in Spellcasting
   695 | D:2      | Reached skill level 4 in Earth Magic
   695 | D:2      | Reached XP level 4. HP: 5/33 MP: 3/11
   695 | D:2      | Reached XP level 5. HP: 6/38 MP: 3/12
   924 | D:2      | Noticed Robin
   933 | D:2      | Killed Robin
   934 | D:2      | Reached XP level 6. HP: 23/44 MP: 7/13
  1034 | D:2      | Learned a level 3 spell: Stone Arrow
  1039 | D:2      | Learned a level 4 spell: Brom's Barrelling Boulder
  1332 | D:2      | Noticed Natasha
  1339 | D:2      | Killed Natasha
  1340 | D:2      | Reached skill level 5 in Earth Magic
  1646 | D:2      | Noticed Natasha
  1649 | D:2      | Killed Natasha
  1707 | D:2      | Noticed Natasha
  1711 | D:2      | Killed Natasha
  2077 | D:3      | Found a shimmering altar of Xom.
  2306 | D:3      | Reached skill level 6 in Earth Magic
  2388 | D:3      | Reached XP level 7. HP: 46/50 MP: 9/14
  3036 | D:4      | Reached skill level 7 in Earth Magic
  3036 | D:4      | Reached skill level 1 in Conjurations
  3183 | D:4      | Found a radiant altar of Vehumet.
  3204 | D:4      | Became a worshipper of Vehumet
  3485 | D:4      | Noticed PriceMaster's ghost (amateur SpEE)
  3621 | D:4      | Found a runed translucent gate.
  3621 | D:4      | Found a runed translucent gate.
  3622 | D:4      | Found a runed translucent gate.
  3664 | D:4      | Noticed Edmund
  3678 | D:4      | Mangled by Edmund

Illustrated notes

Levels and vault maps discovered:
D:1:      onia_arrival_pyramid, layout_rooms
D:2:      kb_forest_paths, layout_basic, uniq_robin, uniq_sigmund, uniq_natasha
D:3:      cheibrodos_pilgrimage, layout_basic, regret_index_xom_buried_treasure
D:4:      layout_gridville, vehumet_statue, gammafunk_ghost_split,
          minmay_misc_feat_nine_boxes, uniq_edmund

Skill      XL: |  1  2  3  4  5  6  7 |
---------------+----------------------+-----
Fighting       | 1 2 |  2.0
Spellcasting   | 5 |  5.0
Earth Magic    | 4 6 7 |  7.0
Conjurations   | 1 |  1.4
Dodging        | |  1.7
Stealth        | |  2.4

Action                     |  1- 3 |  4- 6 |  7- 9 || total
---------------------------+-------+-------+-------++-------
  Melee: Mace              |     4 |       |       ||     4
         Staff             |       |     4 |       ||     4
   Cast: Sandblast         |    28 |    68 |    44 ||   140
         Stone Arrow       |       |       |     1 ||     1
 Armour: Robe              |     9 |    31 |    36 ||    76
  Dodge: Dodged            |    11 |    27 |    26 ||    64

Table legend: (Time is in decaauts)
 A = Elapsed time spent in this place.
 B = Non-inter-level travel time spent in this place.
 C = Inter-level travel time spent in this place.
 D = Time resting spent in this place.
 E = Time spent auto-exploring this place.
 F = Levels seen in this place.
 G = Mean time per level.
                   A        B        C        D        E       F      G
               +--------+--------+--------+--------+--------+-----+--------+
         Total |   3749 |   3644 |    105 |    130 |   3007 |   4 |  937.2 |
       Dungeon |   3749 |   3644 |    105 |    130 |   3007 |   4 |  937.2 |
               +--------+--------+--------+--------+--------+-----+--------+

Top non-repeatable levels by time:
     D:2: 1174 daAuts
     D:3: 957 daAuts
     D:1: 812 daAuts
     D:4: 805 daAuts
